 Dungeon Crawl Stone Soup version 0.23.2-1-ga50397a6bc (webtiles) character file.

Game seed: 10491999753323164099

50 MachJacob the Charmwright (level 3, -6/30 HPs)
             Began as a Draconian Skald on May 5, 2019.
             Killed from afar by a white imp (8 damage)
             ... with a puff of frost
             ... summoned by Natasha
             ... on level 2 of the Dungeon.
             The game lasted 00:05:09 (1613 turns).

MachJacob the Charmwright (Draconian Skald)         Turns: 1613, Time: 00:05:09

Health: -6/30      AC:  5    Str: 13    XL:     3   Next: 55%
Magic:  6/6        EV: 11    Int: 14    God:
Gold:   118        SH:  3    Dex: 10    Spells: 0/6 levels left

rFire    . . .     SeeInvis .   a - +0 spear
rCold    . . .     Gourm    .   k - +0 buckler
rNeg     . . .     Faith    .   (armour unavailable)
rPois    .         Spirit   .   (helmet restricted)
rElec    .         Reflect  .   (no cloak)
rCorr    .         Harm     .   (no gloves)
MR       .....                  (no boots)
Stlth    +.........             (no amulet)
HPRegen  0.10/turn              (no ring)
MPRegen  0.10/turn              (no ring)

@: no status effects
A: unfitting armour, cold-blooded, AC +5
a: no special abilities


You were on level 2 of the Dungeon.
You were not hungry.

You visited 1 branch of the dungeon, and saw 2 of its levels.

You collected 118 gold pieces.

Inventory:

Hand Weapons
 a - a +0 spear (weapon)
 b - a +0 hunting sling
Missiles
 f - 62 stones (quivered)
Armour
 k - a +0 buckler (worn)
Jewellery
 n - an uncursed ring of resist corrosion {unknown}
Scrolls
 e - a scroll of remove curse {unknown}
 h - a scroll of noise {unknown}
 i - 2 scrolls of identify {unknown}
 l - a scroll of enchant armour {unknown}
 m - a scroll of amnesia {unknown}
Potions
 d - a potion of ambrosia {unknown}
 g - a potion of brilliance {unknown}
Comestibles
 c - 2 rations
 j - 10 chunks of flesh


   Skills:
 + Level 2.7 Fighting
 * Level 2.8 Polearms
 - Level 2.2 Dodging
 + Level 2.3 Spellcasting
 + Level 3.0 Charms


You couldn't memorise any spells.
You knew the following spells:

 Your Spells              Type           Power        Failure   Level  Hunger
a - Infusion              Chrm           ##..         11%         1    #......
b - Song of Slaying       Chrm           ##......     16%         2    ###....
c - Regeneration          Chrm/Necr      #.........   52%         3    ###....

Your spell library contained the following spells:

 Spells                   Type           Power        Failure   Level  Hunger
 Shroud of Golubria       Chrm/Tloc      #.........   30%         2    ###....
 Spectral Weapon          Hex/Chrm       #.......     52%         3    ###....


Dungeon Overview and Level Annotations

Branches:
Dungeon (2/15)

Altars:

Annotations:
D:2 Natasha


Innate Abilities, Weirdness & Mutations

Your plain brown scales are hard. (AC +5)
You cannot fit into any form of body armour.
You are cold-blooded and may be slowed by cold attacks.


Message History

Natasha is heavily wounded.
Natasha stares at you and mumbles some strange words.
The magic dart hits you. The white imp gestures at you.
The puff of frost hits you!
You hit Natasha but do no damage. You tail-slap Natasha.
Natasha is severely wounded.
You block Natasha's attack.
The white imp hits you but does no damage.
You barely miss Natasha.
Natasha is severely wounded.
Natasha claws you. The white imp barely misses you.
You hit Natasha.
Natasha is severely wounded.
Natasha claws you!
* * * LOW HITPOINT WARNING * * *
The white imp closely misses you. The white imp gestures at you.
The puff of frost hits you!
You die...

#(.. #(.. #.(.
..# #..(
.####... #...
.......
#...#####....#
#..5.........+
#.h.......# ##
#.@.......# #
#. #.........#
#.#.
######....#
#...
#....#########
#####....# #
####....#####
#..........##
#.##....##.##
# #....##.##


You could see Natasha and a white imp.

Vanquished Creatures
  An ooze (D:1)
  A dart slug (D:1)
  A leopard gecko (D:2)
  An orc (D:2)
  A giant cockroach (D:1)
  8 hobgoblins
  3 jackals (D:1)
  4 bats (D:1)
  2 frilled lizards (D:1)
  8 goblins
  4 kobolds (D:1)
  2 rats (D:1)
36 creatures vanquished.

Notes
Turn   | Place    | Note
-------+----------+-------------------------------------------
     0 | D:1      | MachJacob the Draconian Skald began the quest for the Orb.
     0 | D:1      | Reached XP level 1. HP: 17/17 MP: 3/3
   393 | D:1      | Reached XP level 2. HP: 25/25 MP: 5/5
  1076 | D:1      | Reached skill level 3 in Charms
  1076 | D:1      | Reached XP level 3. HP: 30/30 MP: 6/6
  1449 | D:2      | Learned a level 2 spell: Song of Slaying
  1453 | D:2      | Learned a level 3 spell: Regeneration
  1600 | D:2      | Noticed Natasha
  1613 | D:2      | Killed from afar by a white imp

Skill      XL: |  1  2 |
---------------+-------+-----
Charms         | 3 |  3.0
Fighting       | |  2.7
Polearms       | |  2.8
Dodging        | |  2.2
Spellcasting   | |  2.3

Action                   || total
-------------------------++-------
Melee: Spear             ||   137
       Tailslap          ||    10
 Fire: Hunting sling     ||    28
Throw: Stone             ||     1
 Cast: Infusion          ||     2
  Eat: Chunk             ||     2
Armor: Skin              ||    29
Dodge: Dodged            ||    70
Block: Buckler           ||     7
